 Dungeon Crawl Stone Soup version 0.28-a0-1594-ga885d4b3d6 (webtiles) character file.

Game seed: 3782251236896175275

234 mordus the Vandal (level 6, -6/47 HPs)
             Began as a Gnoll Wanderer on Jan 20, 2022.
             Mangled by an orc (7 damage)
             ... on level 3 of the Dungeon.
             The game lasted 00:05:13 (2094 turns).

mordus the Vandal (Gnoll Wanderer)                  Turns: 2094, Time: 00:05:14

Health: -6/47      AC:  7    Str: 13    XL:     6   Next: 5%
Magic:  8/8        EV: 12    Int:  7    God:
Gold:   70         SH:  0    Dex: 22    Spells: 8/8 levels left

rFire   . . .      SeeInvis .   n - +2 short sword (venom)
rCold   . . .      Faith    .   (no shield)
rNeg    . . .      Spirit   .   o - +1 ring mail
rPois   .          Reflect  .   (no helmet)
rElec   .          Harm     .   (no cloak)
rCorr   .          Rampage  .   e - +0 pair of gloves
Will    .....                   (no boots)
Stlth   +++.......              (no amulet)
HPRegen 0.15/turn               h - +6 ring of dexterity
MPRegen 0.11/turn               (no ring)

@: no status effects
A: fangs 1, strong nose, distributed training
a: no special abilities


You were on level 3 of the Dungeon.
You visited 1 branch of the dungeon, and saw 3 of its levels.

You collected 70 gold pieces.

Inventory:

Hand Weapons
 a - a +2 hunting sling
 c - a +0 hand crossbow
 n - a +2 short sword of venom (weapon)
Missiles
 b - 65 sling bullets
 d - 23 bolts
 g - 84 stones (quivered)
Armour
 e - a +0 pair of gloves (worn)
 f - a +0 leather armour
 o - a +1 ring mail (worn)
Jewellery
 h - a +6 ring of dexterity (left hand)
 l - an amulet of reflection
Scrolls
 i - a scroll of identify
 j - a scroll of noise
Potions
 k - a potion of attraction {unknown}
 p - a potion of heal wounds {unknown}
 q - a potion of berserk rage {unknown}


   Skills:
 + Level 3.1 Fighting
 + Level 1.7 Short Blades
 + Level 1.7 Long Blades
 + Level 1.7 Axes
 + Level 1.7 Maces & Flails
 + Level 1.7 Polearms
 + Level 1.7 Staves
 + Level 6.7 Slings
 + Level 1.7 Bows
 + Level 4.9 Crossbows
 + Level 1.7 Throwing
 + Level 3.1 Armour
 + Level 3.1 Dodging
 + Level 4.5 Stealth
 + Level 1.7 Shields
 + Level 1.7 Unarmed Combat
 + Level 1.7 Spellcasting
 + Level 1.3 Conjurations
 + Level 1.3 Hexes
 + Level 1.3 Summonings
 + Level 1.3 Necromancy
 + Level 1.3 Translocations
 + Level 1.3 Transmutations
 + Level 1.3 Fire Magic
 + Level 1.3 Ice Magic
 + Level 1.3 Air Magic
 + Level 1.3 Earth Magic
 + Level 1.3 Poison Magic
 + Level 2.0 Invocations
 + Level 1.7 Evocations


You had 8 spell levels left.
You didn't know any spells.
Your spell library contained the following spells:

 Spells                   Type           Power      Damage    Failure   Level
 Static Discharge         Conj/Air       2%         N/A       56%         2
 Stone Arrow              Conj/Erth      4%         3d7       80%         3
 Animate Armour           Summ/Erth      4%         N/A       99%         4
 Dispel Undead            Necr           2%         3d7       99%         4
 Sticky Flame             Conj/Fire      2%         2d3       99%         4
 Lehudib's Crystal Spear  Conj/Erth      1%         10d2      100%        8


Dungeon Overview and Level Annotations

Branches:
Dungeon (3/15)

Altars:


Innate Abilities, Weirdness & Mutations

You have very sharp teeth.
Your uncanny sense of smell can sniff out nearby items.
Your experience applies equally to all skills.


Message History

It is a scroll of identify.
j - a scroll of noise The orc barely misses you.
The ice beast closely misses you.
As you read the scroll labelled ZICLOTT JEOS, it crumbles to dust.
It is a scroll of enchant armour.
Your +0 ring mail glows green for a moment.
You kill the orc!
The ice beast hits you. The ice beast freezes you!
* * * LOW HITPOINT WARNING * * *
The orc wizard casts a spell.
The orc wizard flickers and vanishes!
Deactivating autopickup; reactivate with Ctrl-A.
You hit the ice beast.
The ice beast is lightly wounded.
The ice beast hits you.
* * * LOW HITPOINT WARNING * * *
The ice beast freezes you.
* * * LOW HITPOINT WARNING * * *
The orc hits you but does no damage.
You closely miss the ice beast.
The ice beast is lightly wounded.
The ice beast closely misses you. The orc hits you with a +0 mace.
* * * LOW HITPOINT WARNING * * *
You hit the ice beast but do no damage.
The ice beast is lightly wounded.
The ice beast hits you but does no damage.
The orc closely misses you.
You hit the ice beast but do no damage.
The ice beast is poisoned.
You punch the ice beast, but do no damage.
The ice beast is lightly wounded.
The ice beast barely misses you. The orc hits you but does no damage.
You barely miss the ice beast.
The ice beast is lightly wounded.
The ice beast hits you but does no damage.
The orc misses you.
You barely miss the ice beast.
The ice beast is lightly wounded.
The ice beast hits you but does no damage.
The orc hits you with a +0 mace!
You die...

#.#######.#.#
..# #.#.##
... ###
###.#..# #.#
#....#.# #.#
#.####.# #.#
... #.# #l#
#..(. #.# #o#
#.(.. #.# #o#
#.... #.# #@#
#.... #.###Y#
####. #..##.#
##.##.#
#..#.# ##.#.#
#.#.# #...#
##..#


You could see an ice beast (very poisoned), 2 orcs and a frilled lizard.

Vanquished Creatures
  Sigmund (D:2)
  Jessica (D:2)
  2 adders (D:2)
  A dart slug (D:1)
  An orc (D:3)
  2 endoplasms
  A giant cockroach (D:2)
  4 goblins
  3 hobgoblins (D:1)
  3 kobolds
  3 quokkas
  4 ball pythons
  3 bats
  A frilled lizard (D:3)
  3 rats
33 creatures vanquished.

Notes
Turn   | Place    | Note
-------+----------+-------------------------------------------
     0 | D:1      | mordus the Gnoll Wanderer began the quest for the Orb.
     0 | D:1      | mordus set off with the following items: a +2 hunting
                  | sling, 19 sling bullets, a +0 hand crossbow, 23 bolts, a +0
                  | pair of gloves, a +0 leather armour
     0 | D:1      | Reached XP level 1. HP: 17/17 MP: 1/1
   237 | D:1      | Reached XP level 2. HP: 23/23 MP: 2/2
   831 | D:2      | Reached XP level 3. HP: 28/28 MP: 3/3
   844 | D:2      | Noticed Jessica
   857 | D:2      | Killed Jessica
   858 | D:2      | Reached skill level 1 in Short Blades
   858 | D:2      | Reached skill level 1 in Long Blades
   858 | D:2      | Reached skill level 1 in Axes
   858 | D:2      | Reached skill level 1 in Maces & Flails
   858 | D:2      | Reached skill level 1 in Polearms
   858 | D:2      | Reached skill level 1 in Staves
   858 | D:2      | Reached skill level 1 in Bows
   858 | D:2      | Reached skill level 1 in Throwing
   858 | D:2      | Reached skill level 1 in Shields
   858 | D:2      | Reached skill level 1 in Unarmed Combat
   858 | D:2      | Reached skill level 1 in Spellcasting
   858 | D:2      | Reached skill level 1 in Invocations
   858 | D:2      | Reached skill level 1 in Evocations
   858 | D:2      | Reached XP level 4. HP: 16/34 MP: 3/5
  1049 | D:2      | Noticed Sigmund
  1061 | D:2      | Killed Sigmund
  1062 | D:2      | Reached skill level 1 in Conjurations
  1062 | D:2      | Reached skill level 1 in Hexes
  1062 | D:2      | Reached skill level 1 in Summonings
  1062 | D:2      | Reached skill level 1 in Necromancy
  1062 | D:2      | Reached skill level 1 in Translocations
  1062 | D:2      | Reached skill level 1 in Transmutations
  1062 | D:2      | Reached skill level 1 in Fire Magic
  1062 | D:2      | Reached skill level 1 in Ice Magic
  1062 | D:2      | Reached skill level 1 in Air Magic
  1062 | D:2      | Reached skill level 1 in Earth Magic
  1062 | D:2      | Reached skill level 1 in Poison Magic
  1062 | D:2      | Reached XP level 5. HP: 30/41 MP: 5/7
  1219 | D:2      | Reached XP level 6. HP: 47/47 MP: 8/8
  2051 | D:3      | Noticed an ice beast
  2090 | D:3      | HP: 1/47 [orc (4)]
  2094 | D:3      | Mangled by an orc

Illustrated notes

Levels and vault maps discovered:
D:1:      nicolae_arrival_somewhat_less_tricky_arrival, layout_basic
D:2:      layout_basic, uniq_jessica, uniq_sigmund
D:3:      layout_basic, shapermc_ecumenical_altar_venn, st_stairs_1

Skill      XL: |  1  2  3  4  5  6 |
---------------+-------------------+-----
Short Blades   | 1 |  1.7
Long Blades    | 1 |  1.7
Axes           | 1 |  1.7
Maces & Flails | 1 |  1.7
Polearms       | 1 |  1.7
Staves         | 1 |  1.7
Bows           | 1 |  1.7
Throwing       | 1 |  1.7
Shields        | 1 |  1.7
Unarmed Combat | 1 |  1.7
Spellcasting   | 1 |  1.7
Invocations    | 1 2 |  2.0
Evocations     | 1 |  1.7
Fighting       | 3 |  3.1
Armour         | 3 |  3.1
Dodging        | 3 |  3.1
Conjurations   | 1 |  1.3
Hexes          | 1 |  1.3
Summonings     | 1 |  1.3
Necromancy     | 1 |  1.3
Translocations | 1 |  1.3
Transmutations | 1 |  1.3
Fire Magic     | 1 |  1.3
Ice Magic      | 1 |  1.3
Air Magic      | 1 |  1.3
Earth Magic    | 1 |  1.3
Poison Magic   | 1 |  1.3
Slings         | |  6.7
Crossbows      | |  4.9
Stealth        | |  4.5

Action                   |  1- 3 |  4- 6 || total
-------------------------+-------+-------++-------
Melee: Short sword       |    18 |    23 ||    41
       Bite              |     4 |     1 ||     5
       Punch             |     1 |     1 ||     2
 Fire: Hunting sling     |    32 |    18 ||    50
  Use: Scroll            |       |     2 ||     2
 Stab: Sleeping          |     1 |     2 ||     3
Armor: Leather armour    |     4 |     1 ||     5
       Ring mail         |       |     6 ||     6
Dodge: Dodged            |    15 |    15 ||    30

Table legend: (Time is in decaauts)
 A = Elapsed time spent in this place.
 B = Non-inter-level travel time spent in this place.
 C = Inter-level travel time spent in this place.
 D = Time resting spent in this place.
 E = Time spent auto-exploring this place.
 F = Levels seen in this place.
 G = Mean time per level.
                   A        B        C        D        E       F      G
               +--------+--------+--------+--------+--------+-----+--------+
         Total |   2078 |   2046 |     32 |      7 |   1672 |   3 |  692.7 |
       Dungeon |   2078 |   2046 |     32 |      7 |   1672 |   3 |  692.7 |
               +--------+--------+--------+--------+--------+-----+--------+

Top non-repeatable levels by time:
     D:2: 1015 daAuts
     D:1: 729 daAuts
     D:3: 333 daAuts
